 Dungeon Crawl Stone Soup version 0.24.0-37-gcf1ca852f1 (webtiles) character file.

Game seed: 1302763350372381298, levelgen mode: deterministic

71 H0rd4k the Charlatan (level 4, 0/32 HPs)
             Began as a Human Artificer on Dec 5, 2019.
             Killed from afar by Natasha (6 damage)
             ... with a magic dart
             ... on level 2 of the Dungeon.
             The game lasted 00:02:18 (2591 turns).

H0rd4k the Charlatan (Human Artificer)              Turns: 2591, Time: 00:02:18

Health: 0/32       AC:  3    Str: 13    XL:     4   Next: 47%
Magic:  6/6        EV: 12    Int: 12    God:
Gold:   121        SH:  0    Dex: 13    Spells: 3/3 levels left

rFire    . . .     SeeInvis .   a - +0 short sword
rCold    . . .     Gourm    .   (no shield)
rNeg     . . .     Faith    .   b - +0 leather armour
rPois    .         Spirit   .   (no helmet)
rElec    .         Reflect  .   (no cloak)
rCorr    .         Harm     .   (no gloves)
MR       .....                  (no boots)
Stlth    +.........             (no amulet)
HPRegen  0.10/turn              (no ring)
MPRegen  0.10/turn              (no ring)

@: no status effects
A: no striking features
a: no special abilities


You were on level 2 of the Dungeon.
You were not hungry.

You visited 1 branch of the dungeon, and saw 2 of its levels.

You collected 121 gold pieces.

Inventory:

Hand Weapons
 a - a +0 short sword (weapon)
Missiles
 i - 12 poisoned darts (quivered)
Armour
 b - a +0 leather armour (worn)
Jewellery
 j - an uncursed ring of magical power {unknown}
 n - an uncursed ring of protection from fire {unknown}
 q - an uncursed ring of fire {unknown}
Wands
 c - a wand of flame (2)
 d - a wand of enslavement (15)
 e - a wand of random effects (15)
Scrolls
 g - a scroll of remove curse {unknown}
 h - 2 scrolls of fear {unknown}
 k - a scroll of identify {unknown}
 l - a scroll of fog {unknown}
 m - a scroll of enchant armour {unknown}
Potions
 o - 2 potions of heal wounds {unknown}
 p - 2 potions of haste {unknown}
Comestibles
 f - 6 rations


   Skills:
 + Level 1.2 Fighting
 + Level 2.1 Short Blades
 + Level 1.6 Armour
 + Level 2.3 Dodging
 + Level 1.2 Stealth
 + Level 3.5 Evocations


You had 3 spell levels left.
You didn't know any spells.
Your spell library was empty.

Dungeon Overview and Level Annotations

Branches:
Dungeon (2/15)

Altars:
The Shining One

Annotations:
D:2 Natasha


Message History

The puff of flame hits Natasha!
Natasha is severely wounded.
Natasha barely misses you.
Evoke which item? (* to show all) (? for menu, Esc to quit)
Aiming: Throw Flame
Press: ? - help, Shift-Dir - straight line, f/p - Natasha
Aim: Natasha (severely wounded)
The puff of flame hits Natasha.
Natasha is almost dead.
Natasha casts a spell at you. The magic dart hits you.
* * * LOW HITPOINT WARNING * * *
Evoke which item? (* to show all) (? for menu, Esc to quit)
Aiming: Throw Flame
Press: ? - help, Shift-Dir - straight line, f/p - Natasha
Aim: Natasha (almost dead)
The puff of flame misses Natasha.
Natasha casts a spell at you. The magic dart hits you.
You die...

'#####
#......##### #.#.
.# #..........#
#... .#
#.#'######.# ###.
.########### #.#.#
##'## #.
.##........# #.#.#
#♣...♣# #.
.##........# #.#.#
#.....# #.
.##........#
#.#.####♣...♣####.
..'........#
#.#...##.....##...
###..).....#
#@########_######.
#........# #.h...#
### #...
#........# #######
###. #........# #.
########## #. #.
#. #. #.


You could see Natasha.

Vanquished Creatures
  A gnoll (D:1)
  2 adders (D:2)
  3 worms (D:2)
  A dart slug (D:2)
  2 leopard geckos (D:2)
  3 giant cockroaches
  3 goblins
  3 hobgoblins
  5 kobolds
  A quokka (D:2)
  2 bats
  A frilled lizard (D:1)
  6 rats
33 creatures vanquished.

Notes
Turn   | Place    | Note
-------+----------+-------------------------------------------
     0 | D:1      | H0rd4k the Human Artificer began the quest for the Orb.
     0 | D:1      | Reached XP level 1. HP: 15/15 MP: 3/3
    55 | D:1      | Reached XP level 2. HP: 10/21 MP: 4/4
   569 | D:1      | Reached XP level 3. HP: 26/26 MP: 5/5
  1162 | D:2      | Found a glowing golden altar of the Shining One.
  1210 | D:2      | Reached skill level 1 in Armour
  1270 | D:2      | HP: 1/26 [leopard gecko (2)]
  1569 | D:2      | Reached XP level 4. HP: 19/32 MP: 6/6
  2586 | D:2      | Noticed Natasha
  2591 | D:2      | Killed from afar by Natasha

Levels and vault maps discovered:
D:1:      minmay_arrival_plants_in_alcoves, layout_basic
D:2:      layout_basic, tso_altar, uniq_natasha

Skill      XL: |  1  2  3  4 |
---------------+-------------+-----
Armour         | 1 |  1.6
Short Blades   | 2 |  2.1
Fighting       | |  1.2
Dodging        | |  2.3
Stealth        | |  1.2
Evocations     | |  3.5

Action                   |  1- 3 |  4- 6 || total
-------------------------+-------+-------++-------
Melee: Short sword       |    95 |    36 ||   131
Evoke: Wand              |     6 |     7 ||    13
  Use: Potion            |     2 |       ||     2
 Stab: Sleeping          |     1 |     1 ||     2
  Eat: Chunk             |     1 |     4 ||     5
Armor: Leather armour    |    22 |     3 ||    25
Dodge: Dodged            |    45 |    19 ||    64
